 Dungeon Crawl Stone Soup version 0.26-a0-834-g69557b85cc (webtiles) character file.

Game seed: 15487770023709924416

20 marklar909 the Skirmisher (level 2, 0/27 HPs)
             Began as a Draconian Abyssal Knight on Nov 17, 2020.
             Was a Follower of Lugonu.
             Succumbed to an adder's poison
             ... on level 2 of the Dungeon.
             The game lasted 00:01:18 (1147 turns).

marklar909 the Skirmisher (DrAK)                    Turns: 1147, Time: 00:01:18

Health: 0/27       AC:  4    Str: 15 (16) XL:     2   Next: 58%
Magic:  3/3        EV: 12    Int: 10 (12) God:    Lugonu [*.....]
Gold:   34         SH:  0    Dex:  9 (10) Spells: 1/1 levels left

rFire    . . .     SeeInvis .   a - +1 falchion
rCold    . . .     Faith    .   (no shield)
rNeg     . . .     Spirit   .   (armour unavailable)
rPois    .         Reflect  .   (helmet restricted)
rElec    .         Harm     .   (no cloak)
rCorr    .         Rampage  .   (no gloves)
MR       .....                  (no boots)
Stlth    +.........             (no amulet)
HPRegen  0.09/turn              (no ring)
MPRegen  0.08/turn              (no ring)

@: lethally poisoned (0 -> -8)
A: unfitting armour, strong 1, wild magic 1, cold-blooded, AC +4
a: Depart the Abyss, Renounce Religion


You were on level 2 of the Dungeon.
You worshipped Lugonu.
Lugonu was aware of your devotion.
You visited 1 branch of the dungeon, and saw 2 of its levels.
You visited the Abyss 1 time.

You collected 34 gold pieces.

Inventory:

Hand Weapons
 a - a +1 falchion (weapon)
Jewellery
 b - an uncursed ring of fire {unknown}
 d - a cursed -4 ring of evasion {unknown}
Scrolls
 c - 2 scrolls of identify {unknown}
 h - a scroll of remove curse {unknown}


   Skills:
 + Level 3.7 Fighting
 + Level 2.3 Long Blades
 + Level 2.4 Dodging
 + Level 0.1 Stealth
 + Level 2.1 Invocations


You had one spell level left.
You didn't know any spells.
Your spell library was empty.

Dungeon Overview and Level Annotations

Branches:
Dungeon (2/15)

Altars:
Fedhas


Innate Abilities, Weirdness & Mutations

Your plain brown scales are hard. (AC +4)
You cannot fit into any form of body armour.
You are cold-blooded and may be slowed by cold attacks.
Your muscles are strong. (Str +2)
Your spells are a little harder to cast, but a little more powerful.


Message History

The ball python is severely wounded.
The ball python constricts you. The adder closely misses you.
The ball python bites you.
* * * LOW HITPOINT WARNING * * *
The ball python constricts you.
It was a potion of cancellation.
You feel magically purged.
* * * LOW HITPOINT WARNING * * *
You feel sick. The adder bites you but does no damage.
The ball python bites you but does no damage.
The ball python constricts you. The adder barely misses you.
Unknown command.
It was a potion of mutation.
You feel extremely strange.
You feel less in control of your magic.
You feel stronger. The adder closely misses you.
The ball python barely misses you.
You riposte.
You hit the ball python.
You kill the ball python!
Lugonu accepts your kill.
You barely miss the adder.
The adder is heavily wounded.
You die...

# #....###
......#....##
#.#.#.......########
# #..###.........#
#..###..######.#
#>......# #.#####.#
#.#####S# #.....g@#
####'#### #...#
#.....# #.......#
#.........#
+.........+
#.........#
##.......##


You could see an adder and a goblin.

Vanquished Creatures
  An ooze (D:2)
  A bat (D:1)
  2 giant cockroaches (D:1)
  A goblin (D:1)
  A hobgoblin (D:1)
  3 kobolds
  2 ball pythons
  4 frilled lizards (D:1)
15 creatures vanquished.

Notes
Turn   | Place    | Note
-------+----------+-------------------------------------------
     0 | Abyss:1  | marklar909 the Draconian Abyssal Knight began the quest for
                  | the Orb.
     0 | Abyss:1  | Reached XP level 1. HP: 19/19 MP: 2/2
    75 | D:1      | Escaped the Abyss
   435 | D:1      | Reached XP level 2. HP: 26/26 MP: 3/3
   642 | D:2      | Noticed an ogre
   961 | D:2      | Found a blossoming altar of Fedhas.
  1145 | D:2      | HP: 1/27 [poisoned by an adder]
  1146 | D:2      | Gained mutation: Your spells are a little harder to cast,
                  | but a little more powerful. [potion of mutation]
  1146 | D:2      | Gained mutation: Your muscles are strong. (Str +2) [potion
                  | of mutation]
  1147 | D:2      | Succumbed to an adder's poison

Illustrated notes

Levels and vault maps discovered:
D:1:      saegor_arrival_simple_c, layout_rooms
D:2:      layout_loops_corners, nicolae_overflow_crystal_walls

Action                   || total
-------------------------++-------
Melee: Falchion          ||    44
       Tailslap          ||     4
  Use: Potion            ||     3
 Stab: Sleeping          ||     1
Armor: Skin              ||    17
Dodge: Dodged            ||    39
       Rpst.: Falchion   ||    11

Table legend: (Time is in decaauts)
 A = Elapsed time spent in this place.
 B = Non-inter-level travel time spent in this place.
 C = Inter-level travel time spent in this place.
 D = Time resting spent in this place.
 E = Time spent auto-exploring this place.
 F = Levels seen in this place.
 G = Mean time per level.
                   A        B        C        D        E       F      G
               +--------+--------+--------+--------+--------+-----+--------+
         Total |   1155 |   1101 |     54 |    305 |    581 |   3 |  385.0 |
       Dungeon |   1080 |   1026 |     54 |    305 |    581 |   2 |  540.0 |
         Abyss |     75 |     75 |      0 |      0 |      0 |   1 |   75.0 |
               +--------+--------+--------+--------+--------+-----+--------+

Top non-repeatable levels by time:
     D:1: 827 daAuts
     D:2: 253 daAuts
 Abyss:1: 75 daAuts
